AoeStats
← Dain

Arena

504933192Analyzed
2v2 RM · 26d ago on Sep 7, 2026· 39m 6s· 4 players
Game mode
Random Map
Map size
Medium (4 player)
Population
200
Speed
Normal
Resources
Standard
Victory
Conquest
Starting age
Dark Age
Ending age
Imperial Age
RankedLock teamsTeams togetherTeam positionsShared explorationLock speedFull tech treeHidden civsTurbo modeCheats
Victory
Defeat
🇲🇽 Teutons · Mexico
950
+12
🇲🇽 Britons · Mexico
877
+14
🇵🇪 Bohemians · Peru
879
-14
🇺🇸 Bohemians · United States
826
-12
Dain
12:01 Feudal Age
16:29 Castle Age
14:54 Double-Bit Axe
14:50 Horse Collar
38:19 Heavy Plow
41:08 Imperial Age
39:19 Wheelbarrow
38:30 Town Watch
LOADINGwaffles
9:49 Feudal Age
14:27 Castle Age
12:30 Padded Archer Armor
12:47 Fletching
22:35 Wheelbarrow
28:26 Imperial Age
35:17 Bodkin Arrow
35:37 Leather Archer Armor
35:27 Scale Barding Armor
36:48 Hand Cart
38:02 Cavalier
39:14 Horse Collar
39:23 Double-Bit Axe
DS_lenino
3:21 Loom
11:56 Feudal Age
16:10 Castle Age
14:17 Double-Bit Axe
16:13 Horse Collar
26:16 Wheelbarrow
25:27 Town Watch
26:16 Heavy Plow
26:42 Bow Saw
31:12 Imperial Age
31:40 Wagenburg Tactics
31:57 Hand Cart
31:48 Town Patrol
33:05 Chemistry
32:02 Murder Holes
32:18 Masonry
32:14 Siege Engineers
33:54 Arrowslits
33:46 Heavy Scorpion
marshall_o18
0:50 Loom
10:02 Feudal Age
17:02 Castle Age
15:26 Double-Bit Axe
16:27 Horse Collar
27:45 Chemistry
27:14 Fletching
27:24 Padded Archer Armor
27:25 Scale Mail Armor
27:36 Forging
26:50 Pikeman
27:16 Arson
33:15 Imperial Age
Connection lost

Rejoining the realm…

Still unreachable

The connection could not be restored.

Session expired

The server has moved on; the page needs a fresh start.